 Dungeon Crawl Stone Soup version 0.31.0-9-g3a7656b989 (webtiles) character file.

Game seed: 15151749727914293733

77 qw the Shooter (level 4, 0/25 HPs)
             Began as a Deep Elf Hunter on Feb 3, 2024.
             Slain by a gnoll
             ... wielding a +0 halberd
              (7 damage)
             ... on level 2 of the Dungeon.
             The game lasted 00:00:04 (1014 turns).

qw the Shooter (Deep Elf Hunter)                    Turns: 1014, Time: 00:00:05

Health: 0/25       AC:  3    Str: 10    XL:     4   Next: 14%
Magic:  6/6        EV: 12    Int: 14    God:
Gold:   33         SH:  0    Dex: 18    Spells: 3/3 levels left

rFire   . . .        a - +1 shortbow
rCold   . . .        (shield currently unavailable)
rNeg    . . .        c - +0 leather armour
rPois   .            (no helmet)
rElec   .            (no cloak)
rCorr   .            (no gloves)
SInv    +            (no boots)
Will    .....        (no amulet)
Stlth   ++           l - ring of see invisible
HPRegen 0.24/turn    (no ring)
MPRegen 0.10/turn

%: no passive effects
@: no status effects
A: no striking features
a: no special abilities


You were on level 2 of the Dungeon.
You visited 1 branch of the dungeon, and saw 2 of its levels.

You collected 169 gold pieces.
You spent 136 gold pieces at shops.


   Skills:
 - Level 1.5 Fighting
 + Level 7.5 Ranged Weapons
 - Level 2.4 Dodging
 - Level 1.2 Stealth


You had 3 spell levels left.
You didn't know any spells.
Your spell library was empty.

Inventory:

Hand Weapons
 a - a +1 shortbow (weapon)
Armour
 c - a +0 leather armour (worn)
 d - a +0 ring mail
Jewellery
 b - a +5 ring of evasion
 l - a ring of see invisible (left hand)
 n - a ring of fire
Scrolls
 e - a scroll of vulnerability {unknown}
 f - a scroll of fog {unknown}
 h - a scroll of amnesia {unknown}
 i - a scroll of immolation {unknown}
Potions
 g - a potion of curing
 m - 2 potions of might {unknown}

Dungeon Overview and Level Annotations

Branches:
Dungeon (2/15)

Altars:

Shops:
D:1 [?*(


Message History

You shoot an arrow. The arrow hits the quokka.
The quokka is lightly wounded.
You shoot an arrow. The arrow hits the quokka.
You kill the quokka!
You have reached level 4!
You feel clever.
You shoot an arrow. The arrow hits the gnoll.
The gnoll is lightly wounded.
You shoot an arrow. The arrow completely misses the gnoll.
The arrow hits the endoplasm.
The endoplasm is lightly wounded.
A gnoll comes into view. It is wielding a +0 flail.
You shoot an arrow. The gnoll shouts!
The arrow hits the gnoll!
The gnoll is severely wounded.
The gnoll misses you.
A gnoll comes into view. It is wielding a +0 halberd.
You shoot an arrow.
The arrow hits the gnoll but does no damage.
The gnoll is severely wounded.
The gnoll barely misses you.
You shoot an arrow. The arrow hits the gnoll.
The gnoll is severely wounded.
The endoplasm freezes you.
You are frozen.
The gnoll misses you.
You shoot an arrow. The arrow hits the gnoll.
You kill the gnoll!
The endoplasm freezes you.
You are frozen.
You shoot an arrow. The arrow barely misses the endoplasm.
The endoplasm barely misses you.
You shoot an arrow. The arrow hits the endoplasm.
The endoplasm is moderately wounded.
The endoplasm hits you.
You shoot an arrow. The arrow hits the endoplasm.
The endoplasm is severely wounded.
The endoplasm freezes you.
You are frozen.
The gnoll hits you with a +0 flail!
The gnoll hits you from afar with a +0 halberd!
You die...

#..........#
#..........# #...
#..........# #..
#..........# #..
#.....%....# #.. .
#..........# #.# .#
#..........###g####.#
#..........##Jg.....#
#..........##.@.....#
#..........##.......#
#######............##
# #..........### #
#..........# #
#...%......## #
#...).......#
##########
#...........#
........##
#.............
........##


You could see 2 gnolls and an endoplasm.

Vanquished Creatures
  A gnoll (D:2)
  2 adders (D:2)
  A ribbon worm (D:2)
  2 ball pythons
  7 endoplasms
  A giant cockroach (D:2)
  A goblin (D:1)
  5 hobgoblins
  6 jackals (D:1)
  2 quokkas
  3 bats
  3 frilled lizards
  4 kobolds
  8 rats
46 creatures vanquished.

Notes
Turn   | Place    | Note
-------+----------+-------------------------------------------
     0 | D:1      | qw the Deep Elf Hunter began the quest for the Orb.
     0 | D:1      | Reached XP level 1. HP: 12/12 MP: 3/3
     0 | D:1      | 0 ||| qw: Version: 0.3-a-155-g5e7d8dd
     0 | D:1      | 0 ||| qw: Game counter: 2923
     0 | D:1      | 0 ||| qw: Melee chars always use a shield: true
     0 | D:1      | 0 ||| qw: God list: Okawaru
     0 | D:1      | 0 ||| qw: Allow faded altars: false
     0 | D:1      | 0 ||| qw: Do Orc after clearing Dungeon:15 true
     0 | D:1      | 0 ||| qw: Do second Lair branch before Depths: true
     0 | D:1      | 0 ||| qw: Lair rune preference: random
     0 | D:1      | 0 ||| qw: Goals: Normal
     0 | D:1      | 0 ||| PLANNING D:1-11
    23 | D:1      | Found Wovoedui's Antique Weapon Emporium.
    34 | D:1      | 34 ||| SHOPLISTING runed shortbow (138 gold, have 0).
   178 | D:1      | Reached skill level 6 in Ranged Weapons
   178 | D:1      | Reached XP level 2. HP: 16/16 MP: 4/4
   203 | D:1      | Found Xoysm's Magic Scroll Shop.
   224 | D:1      | 224 ||| SHOPLISTING 3 scrolls of enchant weapon (270 gold,
                  | have 69).
   224 | D:1      | 224 ||| SHOPLISTING scroll of enchant weapon (90 gold, have
                  | 69).
   224 | D:1      | 224 ||| BUYING scroll of identify (24 gold).
   224 | D:1      | Bought a scroll of identify for 24 gold pieces
   224 | D:1      | 224 ||| BUYING scroll of identify (24 gold).
   224 | D:1      | Bought a scroll of identify for 24 gold pieces
   224 | D:1      | 224 ||| SHOPLISTING scroll of teleportation (36 gold, have
                  | 21).
   367 | D:1      | Found Loixaq's Assorted Antiques.
   376 | D:1      | 376 ||| BUYING black potion (13 gold).
   376 | D:1      | Bought a black potion for 13 gold pieces
   376 | D:1      | 376 ||| BUYING encrusted granite ring (75 gold).
   376 | D:1      | Bought an encrusted granite ring for 75 gold pieces
   376 | D:1      | 376 ||| SHOPLISTING scale mail (60 gold, have 3).
   376 | D:1      | 376 ||| SHOPLISTING scroll labelled BIJUGI NEUNT (15 gold,
                  | have 3).
   376 | D:1      | 376 ||| SHOPLISTING scroll labelled NUJUEP TAUBUAQ (15
                  | gold, have 3).
   376 | D:1      | 376 ||| SHOPLISTING scroll labelled RIAK GUINOVIHAU (15
                  | gold, have 3).
   376 | D:1      | 376 ||| SHOPLISTING scroll labelled XIOBRU LIEPIA (15 gold,
                  | have 3).
   376 | D:1      | 376 ||| SHOPLISTING small glass ring (75 gold, have 3).
   464 | D:1      | Reached XP level 3. HP: 20/20 MP: 5/5
   518 | D:1      | Found Etag's Antique Armour Shoppe.
   522 | D:1      | 522 ||| SHOPLISTING ancient ring mail (207 gold, have 3).
   522 | D:1      | 522 ||| SHOPLISTING ring mail (92 gold, have 3).
   522 | D:1      | 522 ||| SHOPLISTING runed scale mail (161 gold, have 3).
   522 | D:1      | 522 ||| SHOPLISTING scale mail (92 gold, have 3).
   522 | D:1      | 522 ||| SHOPLISTING scorched leather armour (161 gold, have
                  | 3).
   536 | D:1      | 536 ||| UPGRADING to ring of see invisible.
   537 | D:1      | 537 ||| READING 2 scrolls of identify.
   537 | D:1      | 537 ||| IDENTIFYING fuming red potion
   538 | D:1      | 538 ||| READING scroll of identify.
   538 | D:1      | 538 ||| IDENTIFYING orange potion
   539 | D:1      | 539 ||| READING 3 scrolls labelled PINOWN XEEGGA.
   540 | D:1      | 540 ||| READING scroll labelled VOUNYM PESYIGO.
   541 | D:1      | 541 ||| READING scroll labelled HOMUAV LIMMASA.
   541 | D:1      | 541 ||| ENCHANTING +0 shortbow.
   542 | D:1      | 542 ||| READING scroll labelled UTEARU DECSE.
   543 | D:1      | 543 ||| READING scroll labelled BAETIO PATONOJ.
   543 | D:1      | 543 ||| ENCHANTING +0 shortbow.
   544 | D:1      | 544 ||| DROPPING scroll of butterflies.
   545 | D:1      | 545 ||| DROPPING 2 scrolls of fear.
   546 | D:1      | 546 ||| DROPPING potion of lignification.
   634 | D:2      | HP: 5/20 [poisoned by a kobold]
   718 | D:2      | Reached skill level 7 in Ranged Weapons
  1006 | D:2      | Reached XP level 4. HP: 25/25 MP: 6/6
  1014 | D:2      | Slain by a gnoll

Levels and vault maps discovered:
D:1:      shiori_shiawase, layout_basic, serial_shops, shop, shop,
          nicolae_shop_back_alley_shop, shop_coins, minmay_door_square
D:2:      layout_basic

Skill      XL: |  1  2  3 |
---------------+----------+-----
Ranged Weapons | 6 7 |  7.5
Fighting       | |  1.5
Dodging        | |  2.4
Stealth        | |  1.2

Action                     |  1- 3 |  4- 6 || total
---------------------------+-------+-------++-------
   Fire: Shortbow          |   110 |     9 ||   119
    Use: Scroll            |     7 |       ||     7
 Armour: Leather armour    |    16 |     3 ||    19
  Dodge: Dodged            |    26 |     4 ||    30

Table legend:
 A = Non-vault XP
 B = Vault XP
 C = Vault XP percentage of total XP
 D = Non-vault monster count
 E = Vault monster count
 F = Vault count percentage of total count
                 A         B        C        D         E       F
            +---------+---------+-------+---------+---------+-------
      Total |     111 |       0 |   0.0 |      46 |       0 |   0.0
            +---------+---------+-------+---------+---------+-------
        D:1 |      41 |       0 |   0.0 |      25 |       0 |   0.0
        D:2 |      70 |       0 |   0.0 |      21 |       0 |   0.0
            +---------+---------+-------+---------+---------+-------
